 Dungeon Crawl Stone Soup version 0.29-a0-1047-g7c58e119a4 (webtiles) character file.

Game seed: 8075061358593686493

3156 Newt the Basher (level 10, 0/56 HPs)
             Began as a Kobold Arcane Marksman on Aug 16, 2022.
             Was an Initiate of Gozag.
             Slain by an orc warrior
             ... wielding a +1 vorpal flail
              (4 damage)
             ... on level 8 of the Dungeon.
             The game lasted 00:19:02 (9405 turns).

Newt the Basher (Kobold Arcane Marksman)            Turns: 9405, Time: 00:19:02

Health: 0/56       AC:  6    Str: 11    XL:     10   Next: 15%
Magic:  12/12      EV: 15    Int: 13    God:    Gozag
Gold:   64         SH:  6    Dex: 20    Spells: 5/12 levels left

rFire   + . .      SeeInvis .   r - +11 hammer "Tinelikk" {venom, *Slow Will+ rCorr}
rCold   . . .      Faith    .   N - +0 buckler
rNeg    . . .      Spirit   .   o - +2 leather armour {rF+}
rPois   .          Reflect  .   (helmet restricted)
rElec   .          Harm     .   (no cloak)
rCorr   +          Rampage  .   g - +0 pair of gloves
Will    +....                   (no boots)
Stlth   +++.......              u - amulet of magic regeneration
HPRegen 0.18/turn               (no ring)
MPRegen 0.53/turn               (no ring)

@: studying 2 skills
A: small, no large weapons, nightstalker 3, horns 1, agile 1
a: Renounce Religion, Potion Petition, Call Merchant, Bribe Branch


You were on level 8 of the Dungeon.
You worshipped Gozag.
Gozag was noncommittal.
You visited 1 branch of the dungeon, and saw 8 of its levels.
You also visited: Ossuary.

You collected 1097 gold pieces.
You spent 938 gold pieces at shops.
You paid 95 gold pieces to Gozag.

Inventory:

Hand Weapons
 a - a +2 sling
 r - the +11 hammer "Tinelikk" (weapon) {venom, *Slow Will+ rCorr}
   (You found it on level 3 of the Dungeon)

   It poisons the flesh of those it strikes.
   rCorr:     It protects you from acid and corrosion.
   *Slow:     It may slow you when you take damage.
   Will:      It increases your willpower.
Missiles
 x - 9 boomerangs
 A - 4 throwing nets
 C - 10 poisoned darts
Armour
 c - a +0 robe
 g - a +0 pair of gloves (worn)
 n - a +0 helmet
 o - a +2 leather armour of fire resistance (worn)
 E - a +0 chain mail
 N - a +0 buckler (worn)
Jewellery
 u - an amulet of magic regeneration (around neck)
 D - a ring of ice
Wands
 H - a wand of roots (7)
 M - a wand of flame (9)
Scrolls
 b - 4 scrolls of poison
 h - a scroll of brand weapon
 k - 3 scrolls of enchant weapon
 l - a scroll of fear
 t - 3 scrolls of teleportation
 v - a scroll of immolation {unknown}
 y - 2 scrolls of vulnerability
 z - 2 scrolls of enchant armour
 F - a scroll of magic mapping {unknown}
 K - a scroll of blinking {unknown}
 L - a scroll of butterflies {unknown}
 O - a scroll of identify
Potions
 d - a potion of berserk rage
 e - 3 potions of mutation
 f - 4 potions of curing
 i - a potion of attraction
 j - a potion of magic
 m - 2 potions of heal wounds
 p - a potion of degeneration
 q - a potion of invisibility
 s - 2 potions of lignification
 w - a potion of flight
 B - a potion of cancellation
 G - 2 potions of haste
 I - 3 potions of ambrosia
 J - 2 potions of brilliance {unknown}


   Skills:
 - Level 3.0 Fighting
 - Level 8.0 Maces & Flails
 - Level 4.0 Ranged Weapons
 - Level 4.0 Armour
 - Level 4.0 Dodging
 - Level 2.0 Stealth
 + Level 1.8 Shields
 - Level 1.5 Spellcasting
 - Level 6.0 Hexes
 - Level 2.0 Fire Magic
 - Level 5.0 Evocations


You had 5 spell levels left.
You knew the following spells:

 Your Spells              Type           Power      Damage    Failure   Level
a - Slow                  Hex            64%        N/A       4%          1
b - Inner Flame           Hex/Fire       11%        N/A       30%         3
c - Confusing Touch       Hex            16%        N/A       14%         3

Your spell library contained the following spells:

 Spells                   Type           Power      Damage    Failure   Level
 Scorch                   Fire           12%        2d5       34%         2
 Cause Fear               Hex            8%         N/A       41%         4
 Portal Projectile        Hex/Tloc       16%        N/A       43%         3
 Flame Wave               Conj/Fire      3%         2d5       98%         4
 Yara's Violent Unravell  Hex/Tmut       4%         3d4       99%         5
 Fireball                 Conj/Fire      1%         3d3       100%        5
 Starburst                Conj/Fire      1%         6d3       100%        6
 Summon Cactus Giant      Summ           0%         N/A       100%        6
 Dragon Form              Tmut           0%         N/A       100%        7
 Enfeeble                 Hex            8%         N/A       100%        7
 Ignition                 Fire           3%         3d4       100%        8
 Dragon's Call            Summ           0%         N/A       100%        9


Dungeon Overview and Level Annotations

Branches:
Dungeon (8/15)             Temple (0/1) D:7         Ossuary (visited)
   Lair: D:8-11

Altars:
Ashenzari
Dithmenos
Elyvilon
Fedhas
Gozag
Hepliaklqana
Kikubaaqudgha
Qazlal
Ru
Sif Muna
Uskayaw
Wu Jian
Yredelemnul
The Shining One

Shops:
D:1 (   D:4 *   D:7 :

Annotations:
D:3 1 runed translucent door, Crazy Yiuf
D:5 2 transporters


Innate Abilities, Weirdness & Mutations

You are small and have problems with some larger weapons.
You are completely attuned to the shadows.
You have a pair of small horns on your head.
You are agile. (Dex +4, Str/Int -1)


Message History

HP restored.
You climb downwards.
You hear the roar of battle.
There is an entrance to a bailey on this level.
Hurry and find it before the portal closes forever!
You hear the creaking of a portcullis nearby.
The goblin shouts!
You block the orc's attack.
The orc warrior unwields a +1 arbalest of freezing.
The orc warrior wields a +1 vorpal flail.
You block the orc warrior's attack. The orc barely misses you.
There is a stone staircase leading up here.
You hit the orc warrior. Your headbutt misses the orc warrior.
The orc warrior is lightly wounded.
The orc warrior misses you. You block the orc's attack.
The goblin barely misses you.
You closely miss the orc warrior.
The orc warrior is lightly wounded.
The orc warrior hits you with a +1 vorpal flail.
The orc wizard hits you with a +0 dagger.
The goblin barely misses you. The orc closely misses you.
Unknown command.
You hit the orc warrior but do no damage.
The orc warrior is poisoned.
Your headbutt misses the orc warrior.
The orc warrior is lightly wounded.
The orc warrior barely misses you.
The orc wizard hits you but does no damage.
The orc barely misses you. The goblin misses you.
Unknown command.
You sock the orc warrior!
The orc warrior looks as sick as possible!
You headbutt the orc warrior.
The orc warrior is severely wounded.
The orc warrior hits you with a +1 vorpal flail!
The orc wizard gestures at you while chanting.
The magic dart hits you! The goblin closely misses you.
You block the orc's attack.
The orc warrior hits you with a +1 vorpal flail!
* * * LOW HITPOINT WARNING * * *
You die...
Your body crumbles into a pile of gold.

......#
.......## #
~........#.#
~......$....
.......$.#
....og.###
....@o.#
#....o..#
###......#
#......#
......#.


You could see an orc warrior (extremely poisoned), an orc wizard, an orc and a
goblin.

Vanquished Creatures
  A steam dragon (D:6)
  3 black bears
  2 orc warriors (D:7)
  2 sky beasts
  An ice beast (D:5)
  3 ogres
  A bullfrog (D:7)
  2 necrophages (D:6)
  3 scorpions
  2 wights (D:6)
  4 water moccasin zombies
  6 killer bees (D:7)
  3 howler monkeys
  A human zombie (D:6)
  2 centaur zombies (D:6)
  3 hounds
  An orc priest (D:7)
  4 gnoll boudas
  A jelly (D:7)
  3 iguanas
  3 orc wizards (D:6)
  4 mummies
  A howler monkey zombie (D:6)
  7 adders
  19 gnolls
  An ufetubus (D:6)
  7 adder zombies (Ossuary)
  3 worms
  25 orcs
  9 ball pythons
  10 bats
  7 endoplasms
  2 giant cockroaches
  5 gnoll zombies (Ossuary)
  8 goblins
  12 hobgoblins
  5 jackals
  13 kobolds
  3 quokkas
  5 frilled lizards
  4 hobgoblin zombies (Ossuary)
  2 kobold zombies (Ossuary)
  4 orc zombies (Ossuary)
  9 rats
216 creatures vanquished.

Vanquished Creatures (others)
  3 plants (D:7)
3 creatures vanquished.

Grand Total: 219 creatures vanquished

Notes
Turn   | Place    | Note
-------+----------+-------------------------------------------
     0 | D:1      | Newt the Kobold Arcane Marksman began the quest for the
                  | Orb.
     0 | D:1      | Reached XP level 1. HP: 12/12 MP: 2/2
    22 | D:1      | Reached skill level 1 in Stealth
    33 | D:1      | Reached XP level 2. HP: 16/16 MP: 3/3
    73 | D:1      | Found a faded altar of an unknown god.
    93 | D:1      | Found Lamuczey's Antique Weapon Shoppe.
   135 | D:1      | Reached XP level 3. HP: 13/20 MP: 4/4
   633 | D:1      | Gained mutation: You are agile. (Dex +4, Str/Int -1)
                  | [potion of mutation]
   633 | D:1      | Gained mutation: You have a pair of small horns on your
                  | head. [potion of mutation]
  1079 | D:1      | Reached skill level 1 in Fire Magic
  1079 | D:1      | Reached XP level 4. HP: 16/25 MP: 5/5
  1240 | D:1      | Learned a level 3 spell: Inner Flame
  1939 | D:2      | Reached XP level 5. HP: 29/29 MP: 6/6
  2336 | D:3      | Found a shadowy altar of Dithmenos.
  2754 | D:3      | Found a runed translucent door.
  2756 | D:3      | Identified the +11 hammer "Tinelikk" {venom, *Slow Will+
                  | rCorr}
  2758 | D:3      | Noticed Crazy Yiuf
  3135 | D:3      | Found an ornate altar of the Wu Jian Council.
  3139 | D:3      | Noticed a spectral centipede
  3139 | D:3      | Noticed a spectral black mamba
  3139 | D:3      | Noticed a spectral cane toad
  3360 | D:4      | Reached skill level 2 in Maces & Flails
  3360 | D:4      | Reached XP level 6. HP: 23/34 MP: 6/8
  3748 | D:4      | Found a sacrificial altar of Ru.
  3806 | D:4      | Noticed an ogre
  3859 | D:4      | Killed an ogre
  3860 | D:4      | Reached skill level 3 in Maces & Flails
  4067 | D:4      | Noticed an ogre
  4075 | D:4      | Killed an ogre
  4076 | D:4      | Reached skill level 4 in Maces & Flails
  4076 | D:4      | Reached XP level 7. HP: 38/38 MP: 9/9
  4268 | D:4      | Found Noseryit's Assorted Antiques.
  4274 | D:4      | Bought a murky dark potion for 27 gold pieces
  4274 | D:4      | Bought a scroll labelled OVOTIZEDIA for 31 gold pieces
  4565 | D:5      | Entered Level 5 of the Dungeon
  4612 | D:5      | Found a transporter.
  4615 | D:5      | Noticed an ancient zyme
  4641 | D:5      | Found a transporter.
  4838 | D:5      | Reached skill level 5 in Hexes
  4838 | D:5      | Reached XP level 8. HP: 46/46 MP: 7/10
  4894 | D:5      | Found an opulent altar of Gozag.
  4894 | D:5      | Found a shimmering blue altar of Sif Muna.
  4977 | D:5      | Became a worshipper of Gozag Ym Sagoz the Greedy
  5837 | D:6      | Reached skill level 5 in Maces & Flails
  6003 | D:6      | Found a sand-covered staircase.
  6008 | Ossuary  | Entered an ossuary
  6345 | D:6      | Reached skill level 6 in Maces & Flails
  6357 | D:6      | Reached skill level 1 in Evocations
  6514 | D:6      | Reached XP level 9. HP: 35/50 MP: 11/11
  6746 | D:6      | Found a basalt altar of Yredelemnul.
  6763 | D:6      | Reached skill level 5 in Evocations
  6768 | D:6      | Reached skill level 1 in Armour
  7112 | D:6      | Found a hazy altar of Hepliaklqana.
  7218 | D:6      | Learned a level 3 spell: Confusing Touch
  7555 | D:7      | Found a staircase to the Ecumenical Temple.
  7984 | D:7      | Reached skill level 7 in Maces & Flails
  8103 | D:7      | Found a blossoming altar of Fedhas.
  8103 | D:7      | Found a hide-covered altar of Uskayaw.
  8120 | D:7      | Found an ancient bone altar of Kikubaaqudgha.
  8144 | D:7      | Found a stormy altar of Qazlal.
  8193 | D:7      | Found a broken altar of Ashenzari.
  8424 | D:7      | Reached XP level 10. HP: 53/56 MP: 12/12
  8579 | D:7      | Reached skill level 8 in Maces & Flails
  8592 | D:7      | Identified the +6 war axe of Corporal Punishment {vorpal,
                  | rF++ Str-2 Dex+9}
  8691 | D:7      | Found a white marble altar of Elyvilon.
  8827 | D:7      | Found a glowing golden altar of the Shining One.
  8905 | D:7      | Found Jaapn's Vocational Training.
  8910 | D:7      | Bought a manual of Evocations for 880 gold pieces
  9040 | D:7      | Reached skill level 1 in Shields
  9405 | D:8      | Slain by an orc warrior

Illustrated notes

Levels and vault maps discovered:
D:1:      scummos_arrival_simple_fountains, layout_loops_ring, serial_shops,
          nicolae_shop_temple_entry_statues_fountains,
          nicolae_ecumenical_snake_handling
D:2:      layout_loops_ring, minmay_pentomino_t4
D:3:      layout_loops_ring, pdpol_wu_jian_five_deadly_venoms,
          mainiacjoe_overflow_chevrons, uniq_crazy_yiuf_cottage
D:4:      layout_basic, nicolae_ru_sacrificial_ziggurat, serial_shops,
          nicolae_lakefront_shop
D:5:      layout_gridville, nicolae_overflow_two_pavilions,
          gammafunk_ghost_abyssal_escape
D:6:      layout_basic, lemuel_doored_altar, lemuel_mausoleum_altar_yredelemnul,
          nicolae_ossuary_entry_plus
D:7:      layout_loops_ring, lemuel_crystal_altar, nicolae_elyvilon_temple_path,
          grunt_temple_overflow_cloverleaf, nicolae_tso_carved_into_rock,
          minmay_temple_entry_purple_smoke, nicolae_shop_vocational
D:8:      layout_cave_pools, mainiacjoe_overflow_alcove_2,
          lightli_bailey_entry_fortress, dk_noncrumbling_2

Skill      XL: |  1  2  3  4  5  6  7  8  9 10 |
---------------+-------------------------------+-----
Stealth        | 2 |  2.0
Ranged Weapons | 3 4 |  4.0
Fire Magic     | 1 2 |  2.0
Hexes          | 4 5 6 |  6.0
Maces & Flails | 2 4 6 7 8 |  8.0
Fighting       | 3 |  3.0
Dodging        | 4 |  4.0
Evocations     | 2 5 |  5.0
Armour         | 4 |  4.0
Shields        | 1 |  1.8
Spellcasting   | |  1.5

Action                   |  1- 3 |  4- 6 |  7- 9 | 10-12 || total
-------------------------+-------+-------+-------+-------++-------
Melee: Mace              |       |     6 |   297 |    33 ||   336
       Headbutt          |       |     1 |    59 |     4 ||    64
       Punch             |       |       |     5 |       ||     5
 Fire: Sling             |   105 |   171 |       |       ||   276
 Cast: Slow              |       |    18 |    16 |       ||    34
       Confusing Touch   |       |       |     1 |     1 ||     2
  Use: Potion            |     1 |     1 |     2 |       ||     4
       Scroll            |       |     4 |    12 |       ||    16
 Stab: Sleeping          |       |     2 |    15 |     1 ||    18
       Distracted        |       |       |     3 |     1 ||     4
Armor: Robe              |    15 |    23 |     4 |       ||    42
       Leather armour    |       |       |    49 |     5 ||    54
Dodge: Dodged            |    64 |    77 |   188 |    28 ||   357
Block: Buckler           |       |       |       |    11 ||    11

Table legend: (Time is in decaauts)
 A = Elapsed time spent in this place.
 B = Non-inter-level travel time spent in this place.
 C = Inter-level travel time spent in this place.
 D = Time resting spent in this place.
 E = Time spent auto-exploring this place.
 F = Levels seen in this place.
 G = Mean time per level.
                   A        B        C        D        E       F      G
               +--------+--------+--------+--------+--------+-----+--------+
         Total |   9500 |   9278 |    222 |   2134 |   5506 |   9 | 1055.6 |
       Dungeon |   9201 |   8979 |    222 |   2091 |   5424 |   8 | 1150.1 |
       Ossuary |    299 |    299 |      0 |     43 |     82 |   1 |  299.0 |
               +--------+--------+--------+--------+--------+-----+--------+

Top non-repeatable levels by time:
     D:7: 1706 daAuts
     D:6: 1617 daAuts
     D:1: 1276 daAuts
     D:4: 1266 daAuts
     D:5: 1231 daAuts
     D:2: 1096 daAuts
     D:3: 985 daAuts
 Ossuary: 299 daAuts
     D:8: 20 daAuts
